 Dungeon Crawl Stone Soup version 0.29.0-4-gdea44cf6ec (webtiles) character file.

Game seed: 9866254653086513239

4 qw the Sneak (level 1, -2/14 HPs)
             Began as a Gargoyle Delver on Sept 10, 2022.
             Slain by an orc
             ... wielding a +0 short sword
              (4 damage)
             ... on level 5 of the Dungeon.
             The game lasted 00:00:01 (80 turns).

qw the Sneak (Gargoyle Delver)                        Turns: 80, Time: 00:00:02

Health: -2/14      AC:  5    Str: 15    XL:     1   Next: 60%
Magic:  1/1        EV: 11    Int: 10    God:
Gold:   0          SH:  0    Dex: 11    Spells: 0/0 levels left

rFire   . . .      SeeInvis .   a - +0 hand axe
rCold   . . .      Faith    .   (no shield)
rNeg    + . .      Spirit   .   b - +0 leather armour
rPois   inf        Reflect  .   (no helmet)
rElec   +          Harm     .   (no cloak)
rCorr   .          Rampage  .   (no gloves)
Will    .....                   (no boots)
Stlth   +++.......              (no amulet)
HPRegen 0.04/turn               (no ring)
MPRegen 0.07/turn               (no ring)

@: no status effects
A: sickness immunity, AC +2, negative energy resistance 1, electricity
resistance, torment resistance 1, petrification resistance
a: no special abilities


You were on level 5 of the Dungeon.
You visited 1 branch of the dungeon, and saw 1 of its levels.


Innate Abilities, Weirdness & Mutations

You are immune to sickness and miasma.
Your stone body is resilient. (AC +2)
You are immune to poison.
You resist negative energy. (rN+)
You are resistant to electric shocks. (rElec)
You are resistant to unholy torment.
You are immune to petrification.


   Skills:
 - Level 3.2 Fighting
 + Level 2.1 Axes
 - Level 1.5 Dodging
 - Level 5.4 Stealth


You couldn't memorise any spells.
You didn't know any spells.
Your spell library was empty.

Inventory:

Hand Weapons
 a - a +0 hand axe (weapon)
Armour
 b - a +0 leather armour (worn)
Jewellery
 h - a ring of willpower
Wands
 g - a wand of digging (3)
Scrolls
 c - a scroll of fog
 d - a scroll of magic mapping
 e - a scroll of fear
 i - a scroll of identify {unknown}
Potions
 f - a potion of haste

Dungeon Overview and Level Annotations

Branches:
Dungeon (5/15)
 Temple: D:4-7

Altars:
Qazlal


Message History

2 orcs come into view.
The orc shouts! x3
The orc throws a boomerang.
The boomerang hits you.
There is an open door here.
You hit the orc but do no damage. The orc barely misses you.
You hit the orc.
The orc is heavily wounded.
You hit the orc. The orc hits you with a +0 hand axe.
The orc hits you with a +0 short sword.
You closely miss the orc.
The orc is heavily wounded.
You closely miss the orc. You closely miss the orc.
The orc is heavily wounded.
You hit the orc. The orc closely misses you. The orc barely misses you.
The orc hits you but does no damage.
You barely miss the orc.
The orc is severely wounded.
You closely miss the orc. The orc hits you with a +0 hand axe.
The orc hits you but does no damage.
You slash the orc!
You kill the orc!
You hit the orc but do no damage.
Your Axes skill increases to level 2!
You closely miss the orc.
The orc is heavily wounded.
You hit the orc. The orc hits you with a +0 short sword.
The orc hits you with a +0 hand axe.
You hit the orc.
The orc is heavily wounded.
You hit the orc.
You kill the orc!
The orc hits you but does no damage.
You hit the orc.
You kill the orc!
You closely miss the orc. The orc hits you with a +0 short sword.
You die...

#.....#....#
#.....##...#
#.....##...#
########..........#
.......#..........#
.......#..........#
.......#..........#
......)#..........#
......o@..........#
###################


You could see an orc.

Vanquished Creatures
  3 orcs (D:5)
3 creatures vanquished.

Notes
Turn   | Place    | Note
-------+----------+-------------------------------------------
     0 | D:5      | qw the Gargoyle Delver began the quest for the Orb.
     0 | D:5      | Reached XP level 1. HP: 14/14 MP: 1/1
     0 | D:5      | 0 ||| qw: Version: 0.1-a-116-g5d60599
     0 | D:5      | 0 ||| qw: Game counter: 8770
     0 | D:5      | 0 ||| qw: Always use a shield: true
     0 | D:5      | 0 ||| qw: God list: Okawaru
     0 | D:5      | 0 ||| qw: Allow faded altars: false
     0 | D:5      | 0 ||| qw: Do Orc after D:15 true
     0 | D:5      | 0 ||| qw: Do second Lair branch before Depths: true
     0 | D:5      | 0 ||| qw: Lair rune preference: random
     0 | D:5      | 0 ||| qw: Plans: Normal
     0 | D:5      | 0 ||| PLANNING D:1-11
    25 | D:5      | Found a stormy altar of Qazlal.
    69 | D:5      | 69 ||| Stepping ~*~*~tactically~*~*~ (stealth).
    78 | D:5      | HP: 3/14 [orc/+0 short sword (1)]
    80 | D:5      | Slain by an orc

Levels and vault maps discovered:
D:5:      layout_gridville, grunt_qazlal_sundering, mainiacjoe_overflow_catwalk

Skill      XL: |  1 |
---------------+----+-----
Axes           | 2 |  2.1
Fighting       | |  3.2
Dodging        | |  1.5
Stealth        | |  5.4

Action                   || total
-------------------------++-------
Melee: Hand axe          ||     9
Armor: Leather armour    ||     3
Dodge: Dodged            ||     3

Table legend:
 A = Non-vault XP
 B = Vault XP
 C = Vault XP percentage of total XP
 D = Non-vault monster count
 E = Vault monster count
 F = Vault count percentage of total count
                 A         B        C        D         E       F
            +---------+---------+-------+---------+---------+-------
      Total |       9 |       0 |   0.0 |       3 |       0 |   0.0
            +---------+---------+-------+---------+---------+-------
        D:5 |       9 |       0 |   0.0 |       3 |       0 |   0.0
            +---------+---------+-------+---------+---------+-------
